 Dungeon Sprint DCSS version 0.29-a0-925-g0a7a3d12f8 (webtiles) character file.

Game seed: 10006092305529704139

132 Hipnos the Trooper (level 4, -8/36 HPs)
             Began as a Demonspawn Chaos Knight on July 28, 2022.
             Was a Plaything of Xom.
             Mangled by a neqoxec (9 damage)
             ... in the Dungeon (Sprint II: "The Violet Keep of Menkaure").
             The game lasted 00:00:36 (14 turns).

Hipnos the Trooper (Demonspawn Chaos Knight)          Turns: 14, Time: 00:00:36

Health: -8/36      AC:  5    Str: 14    XL:     4   Next: 92%
Magic:  4/4        EV: 11    Int: 14    God:    Xom [..*...]
Gold:   0          SH:  0    Dex: 12    Spells: 3/3 levels left

rFire   . . .      SeeInvis .   a - +0 falchion (chaos)
rCold   . . .      Faith    .   (no shield)
rNeg    . . .      Spirit   .   b - +2 leather armour
rPois   .          Reflect  .   (helmet restricted)
rElec   .          Harm     .   (no cloak)
rCorr   .          Rampage  .   (no gloves)
Will    .....      NoTele   +   (no boots)
Stlth   +.........              (no amulet)
HPRegen 0.12/turn               (no ring)
MPRegen 0.09/turn               (no ring)

@: on berserk cooldown, slowed, very slow
A: antennae 2, demonic magic 1, frail 1
a: Renounce Religion


You were in the Dungeon.
You worshipped Xom.
You were a toy of Xom.
You visited 1 branch

Inventory:

Hand Weapons
 a - a +0 falchion of chaos (weapon)
Armour
 b - a +2 leather armour (worn)
Scrolls
 i - a scroll of blinking
Potions
 d - a potion of curing
 e - a potion of heal wounds
 f - a potion of haste
 g - 2 potions of magic
Miscellaneous
 c - a piece from Xom's chessboard (15/15) (quivered)


   Skills:
 + Level 6.9 Fighting
 + Level 6.6 Long Blades
 + Level 3.4 Armour
 + Level 1.4 Dodging


You had 3 spell levels left.
You didn't know any spells.
Your spell library was empty.

Dungeon Overview and Level Annotations

Branches:
Dungeon (1/1)

Altars:

Shops:
D *[


Innate Abilities, Weirdness & Mutations

You have a pair of antennae on your head.
Spells you cast may paralyse adjacent enemies.
You are frail. (-10% HP)


Message History

Reactivating autopickup.
You feel a bit more experienced.
You feel your intelligence returning.
Your Fighting skill gained 3 levels and is now at level 6!
Your Long Blades skill gained 4 levels and is now at level 6!
Your Armour skill gained 2 levels and is now at level 3!
Your Dodging skill increases to level 1!
You have reached level 2!
You feel monstrous as your demonic heritage exerts itself.
Your demonic ancestry asserts itself...
A pair of antennae grows on your head!
You have reached level 3!
Your experience leads to an increase in your attributes!
Increase (S)trength, (I)ntelligence, or (D)exterity?
You feel stronger. x2; Your demonic ancestry asserts itself...
A menacing aura infuses your magic.
You have reached level 4!
You feel clever.
Your demonic ancestry asserts itself...
The antennae on your head grow some more.
You start resting.
You feel a strong urge to attack something.
A neqoxec comes into view.
Found 243 gold pieces.
Found Raqag's Assorted Antiques and Qeyredu's Antique Armour Shoppe.
You are no longer berserk.
You are exhausted.
You feel yourself slow down.
The neqoxec shouts!
You hear a shout!
A neqoxec comes into view.
The neqoxec shouts!
The neqoxec hits you.
* * * LOW HITPOINT WARNING * * *
The neqoxec gestures at you.
Something tries to feed on your intellect!
You slash the neqoxec!
The neqoxec flickers and vanishes!
Deactivating autopickup; reactivate with Ctrl-A.
Xom thinks this is hilarious!
Something hits you!
You die...
Xom chortles!

.∩. ∩.. ...#
...#≈## #+#
.#≈#3{###.##
≈'$##'.<.+
#{#.##.##
#@###+# ###
{{ { {


You could see a neqoxec.

Vanquished Creatures
  A neqoxec (D)
1 creature vanquished.

Notes
Turn   | Place    | Note
-------+----------+-------------------------------------------
     0 | D        | Hipnos the Demonspawn Chaos Knight began the quest for the
                  | Orb.
     0 | D        | Reached XP level 1. HP: 18/18 MP: 1/1
     1 | D        | Noticed a neqoxec
     3 | D        | XOM: silly message
     6 | D        | Gained mutation: You are frail. (-10% HP) [a neqoxec]
     8 | D        | Killed a neqoxec
     9 | D        | Reached skill level 1 in Dodging
     9 | D        | Discovered your monstrous ancestry.
     9 | D        | Gained mutation: You have a pair of small antennae on your
                  | head. [demonic ancestry]
     9 | D        | Reached XP level 2. HP: 5/26 MP: 2/2
     9 | D        | Gained mutation: Spells you cast may paralyse adjacent
                  | enemies. [demonic ancestry]
     9 | D        | Reached XP level 3. HP: 7/31 MP: 3/3
     9 | D        | Gained mutation: You have a pair of antennae on your head.
                  | [demonic ancestry]
     9 | D        | Reached XP level 4. HP: 8/36 MP: 4/4
    11 | D        | Found Raqag's Assorted Antiques.
    11 | D        | Found Qeyredu's Antique Armour Shoppe.
    11 | D        | Noticed a neqoxec
    13 | D        | Noticed a neqoxec
    13 | D        | HP: 1/36 [neqoxec (5)]
    14 | D        | Mangled by a neqoxec

Illustrated notes

Levels and vault maps discovered:
D:        the_violet_keep_of_menkaure [sprint2_stairs_cluster_1,
          sprint2_shoproom, sprint2_temple, sprint2_basic_supplies,
          sprint2_obstacle_2, sprint2_obstacle_4, sprint2_obstacle_1,
          sprint2_obstacle_7, sprint2_obstacle_5, sprint2_timed_cluster_1,
          sprint2_smallroom_cluster_1, sprint2_smallroom_final_cluster_1,
          sprint2_transparent_cluster_1, sprint2_second_timed_cluster_1,
          sprint2_sniper_area_1, sprint2_heavy_combat_area_1,
          sprint2_mutation_trap_area_1, sprint2_forest_area_1,
          sprint2_light_combat_area_1, sprint2_behind_water_1,
          sprint2_near_end_vault_1]

Skill      XL: |  1 |
---------------+----+-----
Fighting       | 6 |  6.9
Long Blades    | 6 |  6.6
Armour         | 3 |  3.4
Dodging        | 1 |  1.4

Action                   |  1- 3 |  4- 6 || total
-------------------------+-------+-------++-------
Melee: Falchion          |     5 |     1 ||     6
  Use: Potion            |     1 |       ||     1

Table legend: (Time is in decaauts)
 A = Elapsed time spent in this place.
 B = Non-inter-level travel time spent in this place.
 C = Inter-level travel time spent in this place.
 D = Time resting spent in this place.
 E = Time spent auto-exploring this place.
 F = Levels seen in this place.
 G = Mean time per level.
                   A        B        C        D        E       F      G
               +--------+--------+--------+--------+--------+-----+--------+
         Total |     12 |     12 |      0 |      0 |      0 |   1 |   12.0 |
       Dungeon |     12 |     12 |      0 |      0 |      0 |   1 |   12.0 |
               +--------+--------+--------+--------+--------+-----+--------+

Top non-repeatable levels by time:
       D: 12 daAuts
